AoeStats
← Runxi24

Arena

506075272Analyzed
4v4 RM · 20d ago on Sep 12, 2026· 43m 23s· 8 players
Game mode
Random Map
Map size
Large (8 player)
Population
200
Speed
Normal
Resources
Standard
Victory
Conquest
Starting age
Dark Age
Ending age
Imperial Age
RankedLock teamsTeams togetherTeam positionsShared explorationLock speedFull tech treeHidden civsTurbo modeCheats
Victory
Defeat
🇨🇳 Wu · China
1345
+13
🇨🇳 Byzantines · China
1299
+14
🇻🇳 Hindustanis · Vietnam
1279
+15
🇨🇳 Goths · China
1002
+26
🇪🇸 Bohemians · Spain
1285
-18
🇨🇳 Japanese · China
1278
-17
🇫🇮 Celts · Finland
1242
-17
🇭🇰 Khmer · Hong Kong SAR China
1229
-16
Jusa
11:09 Feudal Age
14:58 Castle Age
12:59 Double-Bit Axe
12:58 Horse Collar
13:54 Stone Mining
17:07 Bow Saw
20:17 Loom
21:11 Wheelbarrow
21:51 Gold Mining
23:04 Heavy Plow
24:53 Gold Shaft Mining
26:15 Hand Cart
26:44 Stone Shaft Mining
31:16 Imperial Age
28:55 Fletching
30:54 Scale Mail Armor
31:04 Forging
30:51 Bodkin Arrow
31:32 Capped Ram
31:51 Man-at-Arms
32:22 Siege Ram
32:48 Long Swordsman
35:15 Heavy Scorpion
35:51 Two-Handed Swordsman
36:17 Gambesons
36:19 Treadmill Crane
36:47 Siege Engineers
36:52 Masonry
37:36 Champion
40:52 Chemistry
40:13 Ballistics
39:44 Heated Shot
虫
11:37 Feudal Age
15:07 Castle Age
12:55 Double-Bit Axe
13:03 Horse Collar
16:21 Bow Saw
16:25 Heavy Plow
21:03 Gold Mining
23:49 Wheelbarrow
27:39 Imperial Age
24:57 Loom
26:11 Hand Cart
26:00 Town Watch
28:44 Scale Barding Armor
28:49 Forging
28:51 Town Patrol
29:12 Husbandry
29:23 Bloodlines
28:34 Elite Battle Elephant
30:07 Chain Barding Armor
30:23 Iron Casting
30:41 Gold Shaft Mining
29:56 Stone Mining
30:38 Crop Rotation
31:33 Plate Barding Armor
31:34 Conscription
31:15 Tusk Swords
32:44 Blast Furnace
31:43 Capped Ram
34:28 Chemistry
35:03 Scale Mail Armor
35:38 Arson
36:57 Double Crossbow
36:23 Pikeman
37:25 Siege Engineers
37:41 Ballistics
37:33 Fortified Wall
Runxi24
10:38 Feudal Age
14:36 Castle Age
14:47 Double-Bit Axe
17:22 Bow Saw
23:21 Loom
24:12 Wheelbarrow
23:36 Town Watch
25:47 Redemption
26:57 Fletching
27:36 Horse Collar
31:07 Fervor
36:00 Chemistry
38:27 Imperial Age
36:15 Pikeman
36:56 Squires
42:19 Halberdier
ouujkj
10:37 Feudal Age
14:25 Castle Age
12:21 Horse Collar
13:00 Double-Bit Axe
15:34 Bow Saw
16:16 Loom
24:17 Wheelbarrow
23:59 Gold Mining
29:04 Imperial Age
26:27 Stone Mining
27:45 Scale Mail Armor
27:55 Forging
28:44 Scale Barding Armor
28:54 Chain Mail Armor
29:10 Town Watch
29:40 Hand Cart
30:26 Iron Casting
30:50 Plate Mail Armor
31:43 Two-Man Saw
31:03 Fletching
32:36 Elite Samurai
34:29 Blast Furnace
34:57 Conscription
34:48 Bodkin Arrow
34:54 Squires
34:40 Arson
34:16 Pikeman
35:44 Padded Archer Armor
36:03 Bracer
35:49 Halberdier
41:57 Heavy Plow
43:22 Coinage
pxh42
11:24 Feudal Age
11:39 Loom
12:39 Double-Bit Axe
15:05 Castle Age
16:30 Fletching
17:47 Bow Saw
20:58 Gold Mining
22:07 Bodkin Arrow
28:52 Red Cliffs Tactics
30:11 Wheelbarrow
30:14 Stone Mining
32:13 Padded Archer Armor
36:43 Imperial Age
34:00 Town Watch
34:51 Leather Archer Armor
34:54 Hand Cart
35:49 Scale Mail Armor
35:59 Forging
37:19 Ballistics
36:39 Treadmill Crane
36:25 Pikeman
37:05 Squires
37:57 Conscription
37:39 Bracer
37:58 Guilds
38:55 Chemistry
38:48 Chain Mail Armor
40:03 Plate Mail Armor
40:15 Iron Casting
40:15 Horse Collar
40:13 Halberdier
41:15 Arson
41:09 Elite Fire Archer
42:24 Masonry
42:10 Murder Holes
43:37 Blast Furnace
oilwater
10:51 Feudal Age
11:47 Double-Bit Axe
15:06 Castle Age
13:43 Horse Collar
15:59 Bow Saw
17:21 Loom
21:09 Wheelbarrow
22:11 Gold Mining
22:11 Stone Mining
24:21 Redemption
27:41 Imperial Age
26:06 Scale Barding Armor
28:24 Forging
28:36 Chain Barding Armor
30:23 Conscription
31:39 Iron Casting
31:42 Fletching
33:00 Redemption
33:08 Scale Mail Armor
33:45 Plate Barding Armor
33:08 Murder Holes
33:33 Treadmill Crane
34:27 Heavy Plow
36:41 Padded Archer Armor
37:01 Fortified Wall
38:05 Ballistics
39:34 Chemistry
40:42 Hoardings
41:26 Two-Man Saw
老兵甲
0:31 Loom
11:15 Feudal Age
15:48 Castle Age
14:09 Double-Bit Axe
15:19 Horse Collar
17:03 Bow Saw
22:55 Wheelbarrow
24:21 Hand Cart
28:08 Gold Mining
28:27 Heavy Plow
31:47 Imperial Age
31:33 Ballistics
34:19 Chemistry
33:42 Conscription
33:24 Perfusion
33:39 Squires
34:31 Pikeman
35:16 Anarchy
34:37 Elite Huskarl
35:07 Halberdier
36:54 Forging
36:45 Scale Mail Armor
38:45 Iron Casting
VN_BILL
10:59 Feudal Age
14:48 Castle Age
12:50 Double-Bit Axe
14:01 Horse Collar
16:38 Wheelbarrow
16:36 Bow Saw
23:35 Hand Cart
27:21 Imperial Age
24:38 Loom
25:35 Forging
25:31 Scale Barding Armor
27:13 Iron Casting
27:32 Chain Barding Armor
27:33 Bloodlines
27:24 Husbandry
27:28 Gold Mining
27:38 Heavy Camel Rider
29:20 Blast Furnace
30:11 Chemistry
29:14 Padded Archer Armor
29:24 Heavy Plow
30:15 Plate Barding Armor
30:03 Imperial Camel Rider
31:36 Fletching
33:16 Redemption
33:27 Sanctity
34:36 Coinage
34:51 Town Watch
36:01 Banking
36:24 Bodkin Arrow
37:32 Two-Man Saw
39:05 Leather Archer Armor
39:12 Bracer
41:23 Ring Archer Armor
43:24 Ballistics
Connection lost

Rejoining the realm…

Still unreachable

The connection could not be restored.

Session expired

The server has moved on; the page needs a fresh start.